 Dungeon Crawl Stone Soup version 0.25.1-8-g42b30a86e7 (webtiles) character file.

Game seed: 853260193720108342

10965 hawla the Thaumaturge (level 11, -17/57 HPs)
             Began as a Deep Elf Conjurer on Dec 2, 2020.
             Was a Priest of Vehumet.
             Hit by a large rock thrown by a cyclops (49 damage)
             ... on level 11 of the Dungeon.
             The game lasted 00:42:08 (14182 turns).

hawla the Thaumaturge (Deep Elf Conjurer)          Turns: 14182, Time: 00:42:08

Health: -17/57     AC: 12    Str:  5    XL:     11   Next: 43%
Magic:  21/40      EV: 15    Int: 32    God:    Vehumet [***...]
Gold:   679        SH:  0    Dex: 15    Spells: 32/39 levels left

rFire    x . .     SeeInvis .   l - +3 quarterstaff (chaos)
rCold    + . .     Gourm    .   (shield currently unavailable)
rNeg     . . .     Faith    .   v - +1 robe of Muza {rF- rC+ MP+9 Int+2}
rPois    .         Spirit   .   D - +2 hat
rElec    .         Reflect  .   m - +0 cloak
rCorr    .         Harm     .   h - +0 pair of gloves
MR       +....                  b - +0 pair of boots
Stlth    +++.......             (no amulet)
HPRegen  0.19/turn              i - +4 ring of protection
MPRegen  0.27/turn              H - +6 ring of intelligence

@: no status effects
A: no striking features
a: Renounce Religion


You were on level 11 of the Dungeon.
You worshipped Vehumet.
Vehumet was most pleased with you.
You were not hungry.

You visited 2 branches of the dungeon, and saw 12 of its levels.
You also visited: Ossuary.

You collected 815 gold pieces.
You spent 136 gold pieces at shops.

Inventory:

Hand Weapons
 l - a +3 quarterstaff of chaos (weapon)
Missiles
 a - 15 boomerangs
 d - 39 poisoned darts (quivered)
Armour
 b - a +0 pair of boots (worn)
 h - a +0 pair of gloves (worn)
 m - a +0 cloak (worn)
 t - a +2 leather armour of fire resistance
 v - the +1 robe of Muza (worn) {rF- rC+ MP+9 Int+2}
   (You bought it in a shop on level 6 of the Dungeon)

   It affects your intelligence (+2).
   It makes you vulnerable to fire.
   It protects you from cold.
   It affects your magic capacity (+9).
 D - a +2 hat (worn)
 E - +0 acid dragon scales
Jewellery
 g - a +6 ring of dexterity
 i - a +4 ring of protection (left hand)
 H - a +6 ring of intelligence (right hand)
Wands
 s - a wand of iceblast (28)
 G - a wand of flame (18)
Scrolls
 e - 6 scrolls of remove curse
 j - a scroll of enchant weapon
 n - 3 scrolls of teleportation
 u - a scroll of amnesia
 I - a scroll of identify
Potions
 f - 5 potions of heal wounds
 k - a potion of haste
 o - 3 potions of berserk rage
 p - 4 potions of might
 q - a potion of cancellation
 r - a potion of lignification
 w - 4 potions of curing
 x - a potion of ambrosia
 z - a potion of brilliance
 B - a potion of resistance
 C - a potion of stabbing
 F - a potion of magic {unknown}
Miscellaneous
 y - a phial of floods
Comestibles
 c - 15 rations


   Skills:
 + Level 2.3 Fighting
 + Level 2.1 Staves
 + Level 2.6 Armour
 + Level 5.5 Dodging
 + Level 4.8 Stealth
 + Level 14.8 Spellcasting
 + Level 12.8 Conjurations
 + Level 3.0 Translocations


You had 32 spell levels left.
You knew the following spells:

 Your Spells              Type           Power        Failure   Level  Hunger
a - Magic Dart            Conj           ####         0%          1    None
b - Searing Ray           Conj           ######       0%          2    None
c - Iskenderun's Mystic   Conj/Tloc      ######..     1%          4    None

Your spell library contained the following spells:

 Spells                   Type           Power        Failure   Level  Hunger
 Hailstorm                Conj/Ice       ######..     1%          4    None
 Animate Skeleton         Necr           N/A          1%          1    None
 Apportation              Tloc           #####.       1%          1    None
 Corona                   Hex            ###....      1%          1    None
 Pain                     Necr           ###.         1%          1    None
 Shock                    Conj/Air       ####         1%          1    None
 Summon Small Mammal      Summ           ###.         1%          1    None
 Dazzling Flash           Conj/Hex       ######       1%          3    None
 Static Discharge         Conj/Air       ######..     1%          3    None
 Fulminant Prism          Conj/Hex       ######....   1%          4    None
 Lightning Bolt           Conj/Air       ######....   1%          5    None
 Swiftness                Chrm/Air       ###.....     2%          2    None
 Vampiric Draining        Necr           ###.......   5%          3    None
 Airstrike                Air            ###.......   5%          4    None
 Animate Dead             Necr           N/A          19%         4    None
 Agony                    Necr           ###.....     45%         5    None


Dungeon Overview and Level Annotations

Branches:
Dungeon (11/15)            Temple (1/1) D:6             Orc (0/2) D:10
Ossuary (visited)
   Lair: D:8-11

Altars:
Ashenzari
Cheibriados
Dithmenos
Elyvilon
Fedhas
Gozag
Hepliaklqana
Kikubaaqudgha
Makhleb
Nemelex Xobeh
Okawaru
Qazlal
Ru
Sif Muna
Trog
Uskayaw
Vehumet
Wu Jian
Xom
Yredelemnul
Zin
The Shining One

Shops:
D:6 [   D:7 [   D:8 :

Annotations:
D:3 1 runed translucent door, SpoonFarmer's ghost, amateur DrCj


Message History

The orc warrior is almost dead. (Press . to maintain the ray.)
The searing ray hits the orc warrior.
You kill the orc warrior!
Vehumet accepts your kill.
Vehumet offers you knowledge of Hailstorm.
You feel your power returning.
Your Translocations skill increases to level 3!
Okay, then.
Casting: Searing Ray (safe; 0% risk of failure)
Confirm with . or Enter, or press ? or * to list all spells.
Aiming: Searing Ray (safe; 0% risk of failure)
Press: ? - help, Shift-Dir - straight line, f - cyclops
Aim: a cyclops, quivering 2 large rocks The searing ray hits the cyclops!
The cyclops is moderately wounded. (Press . to maintain the ray.)
The cyclops throws a large rock.
The large rock hits you!!!
Ouch! That really hurt!
You die...

C.........
#...###...
.Y........
##........
.....#....
#.(.......
.........
....(...C
##..(..#
#....(†##
#....†@.#
.......?.......
#..............
#.........)....
##.............
#.#...........
####..........
...........


You could see a cyclops.

Vanquished Creatures
  3 two-headed ogres
  Psyche (D:9)
  Maggie (D:8)
  A centaur skeleton (D:11)
  A hippogriff (D:7)
  Sigmund (D:2)
  A wyvern (D:11)
  2 hungry ghosts
  4 yaks (D:10)
  4 vampire mosquitoes (D:11)
  Duvessa (D:7)
  6 orc warriors
  2 porcupines (D:11)
  5 sky beasts
  4 ice beasts
  2 phantoms (D:7)
  A black bear (D:11)
  A necrophage (D:9)
  3 wolves (D:11)
  2 centaurs
  7 ogres
  A big kobold (D:8)
  6 bullfrogs
  A water moccasin zombie (D:10)
  A wyvern skeleton (D:5)
  Dowan (D:7)
  6 killer bees
  4 scorpions
  A water moccasin skeleton (D:9)
  3 wights (D:6)
  5 howler monkeys
  3 electric eels (D:7)
  5 crimson imps
  A bullfrog skeleton (D:11)
  5 hounds
  3 jellies
  12 orc wizards
  Crazy Yiuf (D:2)
  10 orc priests
  A gnoll shaman (D:6)
  Terence (D:2)
  An iguana (D:7)
  Natasha (thrice) (D:3)
  5 worker ants
  4 hound skeletons
  A hound zombie (D:9)
  8 mummies (Ossuary)
  A worker ant zombie (D:9)
  9 adders
  5 gnolls (D:6)
  A howler monkey skeleton (D:8)
  3 oozes
  An adder zombie (D:6)
  2 worms
  A dart slug (D:1)
  5 leopard geckos
  47 orcs
  2 ball pythons
  7 giant cockroaches
  A gnoll zombie (Ossuary)
  10 goblins
  9 hobgoblins
  13 jackals
  9 kobolds
  5 quokkas
  6 bats
  8 frilled lizards
  2 hobgoblin zombies (Ossuary)
  2 jackal zombies
  A kobold zombie (Ossuary)
  A leopard gecko zombie (D:3)
  4 orc zombies (Ossuary)
  A quokka zombie (D:4)
  9 rats
  A rat zombie (D:4)
  A butterfly (D:6)
  2 plants (D:11)
315 creatures vanquished.

Notes
Turn   | Place    | Note
-------+----------+-------------------------------------------
     0 | D:1      | hawla the Deep Elf Conjurer began the quest for the Orb.
     0 | D:1      | Reached XP level 1. HP: 10/10 MP: 6/6
   129 | D:1      | Reached XP level 2. HP: 15/15 MP: 2/8
   472 | D:1      | Reached skill level 4 in Spellcasting
   627 | D:1      | Reached XP level 3. HP: 19/19 MP: 8/10
   677 | D:1      | Reached skill level 5 in Conjurations
   752 | D:2      | Learned a level 2 spell: Searing Ray
   849 | D:2      | Noticed Terence
   856 | D:2      | Killed Terence
   856 | D:2      | Reached XP level 4. HP: 16/24 MP: 0/12
  1053 | D:2      | Reached skill level 5 in Spellcasting
  1438 | D:2      | Noticed Sigmund
  1445 | D:2      | Killed Sigmund
  1445 | D:2      | Reached skill level 6 in Spellcasting
  1445 | D:2      | Reached XP level 5. HP: 27/28 MP: 5/15
  1445 | D:2      | Reached XP level 6. HP: 31/32 MP: 5/17
  1545 | D:2      | Found a white marble altar of Elyvilon.
  1799 | D:2      | Found a runed translucent door.
  1800 | D:2      | Noticed Crazy Yiuf
  1872 | D:2      | Killed Crazy Yiuf
  2135 | D:3      | Found a runed translucent door.
  2240 | D:3      | Noticed Natasha
  2248 | D:3      | Killed Natasha
  2305 | D:3      | Noticed Natasha
  2308 | D:3      | Killed Natasha
  2355 | D:3      | Noticed Natasha
  2358 | D:3      | Killed Natasha
  2358 | D:3      | Reached skill level 7 in Spellcasting
  2543 | D:3      | Found a shimmering blue altar of Sif Muna.
  2652 | D:3      | Noticed SpoonFarmer's ghost (amateur DrCj)
  2851 | D:4      | Found a sand-covered staircase.
  2867 | Ossuary  | Entered an ossuary
  2873 | Ossuary  | Learned a level 4 spell: Iskenderun's Mystic Blast
  2999 | Ossuary  | Reached XP level 7. HP: 36/36 MP: 12/20
  3560 | D:4      | Reached skill level 8 in Spellcasting
  3846 | D:4      | Found a stormy altar of Qazlal.
  4225 | D:5      | Entered Level 5 of the Dungeon
  4396 | D:5      | Found an opulent altar of Gozag.
  4445 | D:5      | Reached skill level 1 in Staves
  4491 | D:5      | Reached skill level 9 in Spellcasting
  4491 | D:5      | Reached XP level 8. HP: 35/41 MP: 15/23
  5057 | D:5      | Found a shattered altar of Ashenzari.
  5256 | D:5      | Found an iron altar of Okawaru.
  5653 | D:6      | Found Bifat's Antique Armour Shop.
  5657 | D:6      | Bought a warped robe for 136 gold pieces
  5667 | D:6      | Identified the +1 robe of Muza {rF- rC+ MP+9 Int+2} (You
                  | bought it in a shop on level 6 of the Dungeon)
  5828 | D:6      | Reached skill level 1 in Armour
  5838 | D:6      | Reached skill level 10 in Spellcasting
  6150 | D:6      | Found a staircase to the Ecumenical Temple.
  6166 | Temple   | Entered the Ecumenical Temple
  6469 | Temple   | Became a worshipper of Vehumet
  6526 | D:6      | Reached XP level 9. HP: 46/46 MP: 25/25
  6808 | D:6      | Found a sparkling altar of Nemelex Xobeh.
  6851 | D:6      | Found an ornate altar of the Wu Jian Council.
  7277 | D:7      | Found a shimmering altar of Xom.
  7297 | D:7      | Reached skill level 1 in Fighting
  7389 | D:7      | Reached skill level 11 in Spellcasting
  7485 | D:7      | Reached skill level 10 in Conjurations
  7614 | D:7      | Noticed Duvessa
  7651 | D:7      | Identified the cursed +3 hand axe of Askiopo {vorpal, rPois
                  | MR- Dex+3}
  7651 | D:7      | Noticed Dowan
  7817 | D:7      | Reached * piety under Vehumet
  7817 | D:7      | Offered knowledge of Foxfire by Vehumet.
  8394 | D:7      | Killed Dowan
  8454 | D:7      | Found an ancient bone altar of Kikubaaqudgha.
  8525 | D:7      | Killed Duvessa
  8759 | D:7      | Found Kiplug's Armour Emporium.
  8967 | D:7      | Reached skill level 12 in Spellcasting
  9426 | D:3      | Identified Sif Muna's Almanac of Confrontation
  9939 | D:8      | Found a snail-covered altar of Cheibriados.
  9952 | D:8      | Reached XP level 10. HP: 52/52 MP: 28/28
 10062 | D:8      | Found Zeos Sas's Book Shoppe.
 10164 | D:8      | Noticed Maggie
 10177 | D:8      | Killed Maggie
 10981 | D:9      | Offered knowledge of Freeze by Vehumet.
 10981 | D:9      | Reached ** piety under Vehumet
 11310 | D:9      | Reached skill level 13 in Spellcasting
 11424 | D:9      | Found a burning altar of Makhleb.
 11502 | D:9      | Found a blossoming altar of Fedhas.
 11652 | D:9      | Found a bloodstained altar of Trog.
 11652 | D:9      | Found a hide-covered altar of Uskayaw.
 11768 | D:9      | Noticed Psyche
 11774 | D:9      | Killed Psyche
 12192 | D:10     | Entered Level 10 of the Dungeon
 12192 | D:10     | Found a staircase to the Orcish Mines.
 12361 | D:10     | Noticed a two-headed ogre
 12365 | D:10     | Killed a two-headed ogre
 12889 | D:10     | Offered knowledge of Mephitic Cloud by Vehumet.
 12889 | D:10     | Reached skill level 5 in Dodging
 12978 | D:10     | Reached skill level 14 in Spellcasting
 13383 | D:11     | Noticed a two-headed ogre
 13392 | D:11     | Noticed a two-headed ogre
 13393 | D:11     | Reached XP level 11. HP: 50/57 MP: 31/31
 13399 | D:11     | Reached skill level 1 in Translocations
 13470 | D:11     | Reached *** piety under Vehumet
 13719 | D:11     | Killed a two-headed ogre
 13721 | D:11     | Killed a two-headed ogre
 14181 | D:11     | Offered knowledge of Hailstorm by Vehumet.
 14182 | D:11     | Hit by a large rock thrown by a cyclops

Illustrated notes

Levels and vault maps discovered:
D:1:      dpeg_arrival_stonehenge_8_columns, layout_rooms, minmay_unequal
D:2:      layout_rooms, lemuel_round_altar, first_ration,
          uniq_crazy_yiuf_cottage, uniq_sigmund, uniq_terence
D:3:      layout_rooms, ebering_ghost_inner_flame, grunt_decor_arrowhead,
          led_sif_book, uniq_natasha
D:4:      layout_gridville, grunt_qazlal_sundering, enter_ossuary_4
D:5:      layout_loops_cross, okawaru_altar_gauntlet_db,
          nicolae_gozag_cash_rules_everything_around_me, marbit_many_paths,
          grunt_decor_mini_mirrors
D:6:      layout_loops_ring, nemelex_xobeh_ov_fountains_minmay,
          overflow_temple_1_default, minmay_temple_entry_butterflies,
          serial_shops, shop
D:7:      layout_basic, old_standard_altar, basic_altar, serial_shops,
          nicolae_shop_competitors_out_of_business, kennysheep_cross_room,
          uniq_duvessa
D:8:      layout_basic, nicolae_overflow_crystal_walls, serial_shops,
          nicolae_shop_behind_doors, uniq_maggie
D:9:      layout_small_grid, old_standard_altar, makhleb_blood_cavern_becter,
          gammafunk_temple_overflow_elements, uniq_psyche
D:10:     layout_loops_corners, orc_0_dummy
D:11:     layout_cave_pools, grunt_lair_entry_orc_guard_hut, serial_shops,
          nicolae_shop_stone, nicolae_shop_window_shopping, shop,
          nicolae_shop_stone, nicolae_shop_temple_entry_statues_fountains,
          roderic_lattice_a, uniq_grum
Temple:   compressed_dpeg_triangle_lava_temple

Skill      XL: |  1  2  3  4  5  6  7  8  9 10 11 |
---------------+----------------------------------+-----
Spellcasting   | 4 6 7 9 10 12 14 | 14.8
Conjurations   | 5 6 7 8 9 10 12 | 12.8
Staves         | 1 2 |  2.1
Stealth        | 3 4 |  4.8
Dodging        | 3 5 |  5.5
Armour         | 1 2 |  2.6
Fighting       | 1 2 |  2.3
Translocations | 3 |  3.0

Action                   |  1- 3 |  4- 6 |  7- 9 | 10-12 || total
-------------------------+-------+-------+-------+-------++-------
Melee: Quarterstaff      |       |       |     5 |       ||     5
 Cast: Magic Dart        |    43 |    60 |   133 |    69 ||   305
       Searing Ray       |     3 |    30 |    93 |    77 ||   203
       Iskenderun's Myst |       |       |     7 |    29 ||    36
  Use: Scroll            |     5 |     3 |    11 |     4 ||    23
       Potion            |       |     3 |     1 |       ||     4
  Eat: Chunk             |       |     5 |    19 |     6 ||    30
       Ration            |       |       |     1 |     2 ||     3
Armor: Robe              |       |     9 |    14 |    22 ||    45
       Leather armour    |       |       |     6 |       ||     6
Dodge: Dodged            |     4 |     9 |    47 |    81 ||   141
